 Dungeon Crawl Stone Soup version 0.19.4-9-g45fd643 (webtiles) character file.

135 Muumios the Skirmisher (level 4, -3/35 HPs)
             Began as a Mummy Wanderer on Feb 17, 2017.
             Slain by a centaur skeleton (6 damage)
             ... on level 4 of the Dungeon.
             The game lasted 00:03:48 (2633 turns).

Muumios the Skirmisher (Mummy Wanderer)             Turns: 2633, Time: 00:03:49

Health: -3/35      AC:  3    Str: 14    XL:     4   Next: 97%
Magic:  7/7        EV: 12    Int: 11    God:
Gold:   115        SH:  0    Dex: 13    Spells: 1 memorised, 6 levels left

rFire  x . .     SeeInvis .     a - +3 falchion
rCold  + . .     Gourm    .     d - +1 robe
rNeg   + + +     Faith    .     (no shield)
rPois  ∞         Spirit   .     (no helmet)
rElec  .         Reflect  .     (no cloak)
rCorr  .         Harm     .     (no gloves)
MR     .....                    (no boots)
Stlth  ++........               (no amulet)
                                (no ring)
                                (no ring)

@: no status effects
A: no food or potions, fire vulnerability, cold resistance 1, negative energy
resistance 3, torment resistance, unbreathing
a: no special abilities


You were on level 4 of the Dungeon.
You were not hungry.

You visited 1 branch of the dungeon, and saw 4 of its levels.

You collected 115 gold pieces.

Inventory:

Hand Weapons
 a - a +3 falchion (weapon)
Armour
 d - a +1 robe (worn)
Jewellery
 e - a cursed ring of teleportation
Wands
 c - a wand of random effects (0/48)
Scrolls
 f - a scroll of teleportation
 g - a scroll of enchant weapon
 h - 3 scrolls of remove curse
 i - a scroll of amnesia {unknown}
 j - a scroll of identify
 k - a scroll of blinking {unknown}
 l - a scroll of immolation {unknown}
 m - a scroll of magic mapping {unknown}
 n - a scroll of noise {unknown}
Books
 b - the Volume of Flight

   Spells                             Type                      Level
   a - Shock                          Conjuration/Air              1
   b - Mephitic Cloud                 Conjuration/Poison/Air       3


   Skills:
 * Level 3.5 Fighting
 * Level 2.8 Long Blades
 - Level 1.0 Dodging
 - Level 1.0 Stealth
 - Level 2.0 Spellcasting
   Level 1.5 Summonings
   Level 1.0 Poison Magic
 - Level 1.0 Evocations


You had 6 spell levels left.
You knew the following spells:

 Your Spells              Type           Power        Failure   Level  Hunger
a - Shock                 Conj/Air       #...         30%         1    N/A

Dungeon Overview and Level Annotations

Branches:
Dungeon (4/15)
 Temple: D:4-7

Altars:
Elyvilon
Nemelex Xobeh

Annotations:
D:3 grophax's ghost, amateur TeCj


Innate Abilities, Weirdness & Mutations

You do not eat or drink.
Your flesh is vulnerable to fire.
You are immune to poison.
Your flesh is cold resistant. (rC+)
You are immune to negative energy. (rN+++)
You are immune to unholy pain and torment.
You can survive without breathing.


Message History

You climb downwards.
An adder and a skeleton come into view.
Found 3 yellow potions, an amethyst potion, 24 gold pieces and 30 stones.
Found a stone staircase leading up and a stone staircase leading down.
There is a stone staircase leading up here.
Found an iron ring.
A hound comes into view.
The centaur skeleton hits you.
* * * LOW HITPOINT WARNING * * *
Casting: Shock
Confirm with . or Enter, or press ? or * to list all spells.
Okay, then.
Sorry, you're not good enough to have a special ability.
Unknown command.
You can't drink.
As you read the scroll labeled ROT JUM YSEXI, it crumbles to dust.
It is a scroll of enchant weapon.
Your +2 falchion glows red for a moment.
The centaur skeleton hits you.
You die...

######
#.>...#
##....S..
#........
#.......!
#<..!..!.
#........
#####.......<
#..@Z...$....
##.##........
#. ....$....
## #........
#.(......
##.....=.
#..h... #####


You could see an adder (sleeping) and a centaur skeleton.

Vanquished Creatures
  6 adders
  3 oozes
  A worm (D:2)
  A dart slug (D:1)
  4 leopard geckos
  A ball python (D:1)
  6 bats
  8 giant cockroaches
  7 goblins
  7 hobgoblins
  4 jackals (D:2)
  A quokka (D:3)
  2 frilled lizards (D:3)
  2 kobolds (D:2)
  3 rats
56 creatures vanquished.

Notes
Turn   | Place    | Note
-------+----------+-------------------------------------------
     0 | D:1      | Muumios the Mummy Wanderer began the quest for the Orb.
     0 | D:1      | Muumios set off with: a +2 falchion, the Volume of Flight, a wand of random effects (15/48), a +0 robe
     0 | D:1      | Reached XP level 1. HP: 15/15 MP: 3/3
     0 | D:1      | Identified the Volume of Flight
     2 | D:1      | Learned a level 1 spell: Shock
   417 | D:1      | Reached XP level 2. HP: 21/21 MP: 5/5
   693 | D:1      | Reached skill level 2 in Fighting
   942 | D:2      | Reached XP level 3. HP: 22/27 MP: 6/6
  1688 | D:2      | Reached XP level 4. HP: 19/34 MP: 7/7
  1695 | D:2      | Reached skill level 3 in Fighting
  2051 | D:2      | Found a sparkling altar of Nemelex Xobeh.
  2282 | D:3      | Found a white marble altar of Elyvilon.
  2589 | D:3      | Noticed grophax's ghost (amateur TeCj)
  2633 | D:4      | Slain by a centaur skeleton

Skill      XL: |  1  2  3  4 |
---------------+-------------+-----
Fighting       | 2 3 |  3.5
Long Blades    | 2 |  2.8
Dodging        | |  1.0
Stealth        | |  1.0
Spellcasting   | |  2.0
Summonings     | |  1.5
Poison Magic   | |  1.0
Evocations     | |  1.0

Action                   |  1- 3 |  4- 6 || total
-------------------------+-------+-------++-------
Melee: Falchion          |    94 |    47 ||   141
 Cast: Shock             |       |    14 ||    14
Evoke: Wand              |    10 |     5 ||    15
  Use: Scroll            |     3 |     3 ||     6
 Stab: Sleeping          |     6 |       ||     6
Armor: Robe              |    24 |    19 ||    43
Dodge: Dodged            |    64 |    59 ||   123
       Rpst.: Falchion   |    15 |    24 ||    39
